 Dungeon Crawl Stone Soup version 0.30-a0-394-g3e4acdb0ae (webtiles) character file.

Game seed: 4813347272646659849

41 CrazyBamboolord the Grave Robber (level 3, -5/24 HPs)
             Began as a Demonspawn Necromancer on Dec 6, 2022.
             Slain by a gnoll
             ... wielding a +0 flail
              (12 damage)
             ... on level 2 of the Dungeon.
             The game lasted 00:03:43 (1050 turns).

CrazyBamboolord the Grave Robber (DsNe)             Turns: 1050, Time: 00:03:44

Health: -5/24      AC:  2    Str:  8    XL:     3   Next: 32%
Magic:  0/6        EV: 12    Int: 18    God:
Gold:   42         SH:  0    Dex: 13    Spells: 6/7 levels left

rFire   . . .      SeeInvis .    (no weapon)
rCold   + . .      Faith    .    (no shield)
rNeg    . . .      Spirit   .    a - +0 robe
rPois   .          Reflect  .    (no helmet)
rElec   .          Harm     .    (no cloak)
rCorr   .          Rampage  .    (no gloves)
Will    .....                    (no boots)
Stlth   ++........               (no amulet)
HPRegen 0.24/turn                g - ring of protection from cold
MPRegen 0.10/turn                (no ring)

@: no status effects
A: powered by death 1, spiny 1
a: no special abilities


You were on level 2 of the Dungeon.
You visited 1 branch of the dungeon, and saw 2 of its levels.

You collected 42 gold pieces.

Inventory:

Armour
 a - a +0 robe (worn)
Jewellery
 g - a ring of protection from cold (left hand)
Scrolls
 c - a scroll of identify {unknown}
 h - 2 scrolls of vulnerability {unknown}
 i - 3 scrolls of fear {unknown}
 j - a scroll of enchant weapon {unknown}
 k - a scroll of blinking {unknown}
Potions
 b - a potion of magic
 d - a potion of attraction {unknown}
 e - a potion of brilliance {unknown}
 f - 2 potions of curing {unknown}
 l - a potion of flight {unknown}


   Skills:
 * Level 2.1 Dodging
 * Level 2.2 Stealth
 * Level 2.5 Spellcasting
 * Level 4.8 Necromancy


You had 6 spell levels left.
You knew the following spells:

 Your Spells              Type           Power      Damage    Failure   Level
a - Necrotise             Necr           76%        1d7       2%          1

Your spell library contained the following spells:

 Spells                   Type           Power      Damage    Failure   Level
 Vampiric Draining        Necr           19%        2d7       7%          3
 Animate Dead             Necr           19%        N/A       22%         4
 Agony                    Necr           19%        N/A       54%         5
 Passage of Golubria      Tloc           2%         N/A       86%         4
 Silence                  Hex/Air        1%         N/A       99%         5
 Lehudib's Crystal Spear  Conj/Erth      1%         10d2      100%        8


Dungeon Overview and Level Annotations

Branches:
Dungeon (2/15)

Altars:


Innate Abilities, Weirdness & Mutations

You regenerate a little health from kills.
You are partially covered in sharp spines.


Message History

Unknown command.
Aiming: Necrotise (safe; 2% risk of failure)
Press: ? - help, Q - select action Shift-Dir - straight line, f/p - gnoll
Aim: a gnoll, wielding a +0 whip (lightly wounded, chance to affect: 84%)
The gnoll writhes in agony.
The gnoll is struck by your spines. The gnoll hits you with a +0 whip.
A gnoll comes into view. It is wielding a +0 spear.
Aiming: Necrotise (safe; 2% risk of failure)
Press: ? - help, Q - select action Shift-Dir - straight line, f/p - gnoll
Aim: a gnoll, wielding a +0 whip (almost dead, chance to affect: 84%)
The gnoll barely resists.
The gnoll shouts!
Unknown command.
Aiming: Necrotise (safe; 2% risk of failure)
Press: ? - help, Q - select action Shift-Dir - straight line, f - gnoll, p - gnoll
Aim: a gnoll, wielding a +0 flail (chance to affect: 84%)
The gnoll barely resists.
The gnoll completely misses you. The gnoll hits you with a +0 flail.
Unknown command.
Aiming: Necrotise (safe; 2% risk of failure)
Press: ? - help, Q - select action Shift-Dir - straight line, f - gnoll, p - gnoll
Aim: a gnoll, wielding a +0 whip (almost dead, chance to affect: 84%)
The gnoll barely resists.
The gnoll hits you with a +0 whip. The gnoll misses you.
The gnoll is struck by your spines. The gnoll completely misses you.
The gnoll attacks as you move away! The gnoll hits you with a +0 whip.
The gnoll attacks as you move away! The gnoll completely misses you.
The gnoll attacks as you move away! The gnoll hits you with a +0 whip!
* * * LOW HITPOINT WARNING * * *
Aiming: Necrotise (safe; 2% risk of failure)
Press: ? - help, Q - select action Shift-Dir - straight line, f/p - gnoll
Aim: a gnoll, wielding a +0 whip (almost dead, chance to affect: 84%)
The gnoll writhes in agony.
You kill the gnoll!
Unknown command.
The gnoll hits something with a +0 halberd.
The gnoll attacks as you move away! The gnoll is struck by your spines.
The gnoll hits you with a +0 flail!
Ouch! That really hurt!
You die...

#. #####.####.# #.
########.####.# #.
..#.#.#.#....#
#.#####.#.#.#.#..###
#g#...#.#g#.#.#.##
#g#...gg......#^#
#.#.###.#.#)#.#.#
#g......#.#g###.#
###.#.[.#.#.@...#
#.....#.#.#####
#.#...#.#.#
#######.### ..#


You could see 2 gnolls.

Vanquished Creatures
  A gnoll (D:2)
  An adder (D:2)
  A dart slug (D:1)
  3 endoplasms
  2 goblins (D:1)
  3 hobgoblins (D:1)
  2 kobolds
  4 bats
  A frilled lizard (D:2)
  2 rats (D:1)
20 creatures vanquished.

Vanquished Creatures (collateral kills)
  A hobgoblin (D:1)
1 creature vanquished.

Grand Total: 21 creatures vanquished

Notes
Turn   | Place    | Note
-------+----------+-------------------------------------------
     0 | D:1      | CrazyBamboolord the Demonspawn Necromancer began the quest
                  | for the Orb.
     0 | D:1      | Reached XP level 1. HP: 13/13 MP: 3/3
   128 | D:1      | Found a faded altar of an unknown god.
   315 | D:1      | Gained mutation: You regenerate a little health from kills.
                  | [demonic ancestry]
   315 | D:1      | Reached XP level 2. HP: 19/19 MP: 0/5
   846 | D:2      | Gained mutation: You are partially covered in sharp spines.
                  | [demonic ancestry]
   846 | D:2      | Reached XP level 3. HP: 24/24 MP: 2/6
  1050 | D:2      | Slain by a gnoll

Illustrated notes

Levels and vault maps discovered:
D:1:      eino_arrival_water_cross, layout_rooms, shapermc_ecumenical_altar_gd,
          minmay_tetromino_t4
D:2:      layout_basic, serial_bayou_pond_d, reono_crystal_passage

Skill      XL: |  1 |
---------------+----+-----
Stealth        | 2 |  2.2
Dodging        | 2 |  2.1
Spellcasting   | |  2.5
Necromancy     | |  4.8

Action                   || total
-------------------------++-------
Melee: Unarmed           ||    15
       Punch             ||     1
 Cast: Necrotise         ||    38
Armor: Robe              ||     2
Dodge: Dodged            ||    13

Table legend: (Time is in decaauts)
 A = Elapsed time spent in this place.
 B = Non-inter-level travel time spent in this place.
 C = Inter-level travel time spent in this place.
 D = Time resting spent in this place.
 E = Time spent auto-exploring this place.
 F = Levels seen in this place.
 G = Mean time per level.
                   A        B        C        D        E       F      G
               +--------+--------+--------+--------+--------+-----+--------+
         Total |   1049 |    999 |     50 |      0 |    862 |   2 |  524.5 |
       Dungeon |   1049 |    999 |     50 |      0 |    862 |   2 |  524.5 |
               +--------+--------+--------+--------+--------+-----+--------+

Top non-repeatable levels by time:
     D:1: 828 daAuts
     D:2: 220 daAuts
